 Dungeon Crawl Stone Soup version 0.16-a0-4092-gb8933cd (webtiles) character file.

534349 BluebellGnoll the Conqueror (level 24, 0/248 (249) HPs)
             Began as a Minotaur Gladiator on Feb 22, 2015.
             Was the Champion of Okawaru.
             Splashed by a caustic shrike's acid (7 damage)
             ... on level 5 of the Depths on Feb 24, 2015.
             The game lasted 08:20:31 (71001 turns).

BluebellGnoll the Conqueror (Minotaur Gladiator)   Turns: 71001, Time: 08:20:31

HP:   0/248 (249)   AC: 12    Str: 31    XL:     24   Next: 53%
MP:   37/38         EV: 22    Int:  5    God:    Okawaru [******]
Gold: 7597          SH: 23    Dex: 16    Spells: 5 memorised, 14 levels left

rFire  + + .     SeeInvis +     t - +14 obsidian axe {chop, +Fly Str+3 SInv Curse}
rCold  + + +     Clarity  +     s - +9 plate armour "Bavewa" {+Blink rF+ MR+ Dex-4}
rNeg   + + .     SustAb   .     x - +7 shield "Yric" {MR+ MP+9}
rPois  +         Gourm    .     C - +0 hat {SInv}
rElec  +         Spirit   .     b - +3 cloak of Mnolaes {rN+}
rCorr  .         Warding  .     (no gloves)
rMut   .         Stasis   .     I - +3 pair of boots "Ghautweipp" {Dex+7}
MR     ++...                    Z - amulet of regeneration
Stlth  ..........               H - +6 ring of evasion
                                L - ring of Guomaz {rElec rPois rF+ rC++ rN+ MR-}

@: heroism, corroded equipment, mesmerised, slowed, very slow, very resistant to
hostile enchantments, extremely unstealthy
A: retaliatory headbutt, horns 2, clarity, clumsy 1, cold resistance 1, low mp
1, poison resistance, placid magic 1, MP-powered wands 1
a: Heroism, Finesse, Renounce Religion, Evoke Blink, Evoke Flight
}: 3/15 runes: decaying, slimy, gossamer


You were on level 5 of the Depths.
You worshipped Okawaru.
Okawaru was exalted by your worship.
You were full.

You visited 11 branches of the dungeon, and saw 59 of its levels.
You also visited: Labyrinth, Sewer, Ice Cave, Volcano and Wizlab.

You collected 8803 gold pieces.
You spent 1206 gold pieces at shops.

Inventory:

Hand weapons
 h - a +4 broad axe of freezing
 t - the +14 obsidian axe (weapon) {chop, +Fly Str+3 SInv Curse}
   (Okawaru gifted it to you on level 3 of the Vaults)

   It inflicts extra damage upon your enemies.
   It affects your strength (+3).
   It enhances your eyesight.
   It lets you fly.
   It may recurse itself when equipped.
Missiles
 B - 13 tomahawks of returning (quivered)
 D - 3 throwing nets
 V - 22 javelins of penetration
Armour
 b - the +3 cloak of Mnolaes (worn) {rN+}
   (Okawaru gifted it to you on level 2 of the Swamp)

   It protects you from negative energy.
 s - the +9 plate armour "Bavewa" (worn) {+Blink rF+ MR+ Dex-4}
   (Okawaru gifted it to you on level 2 of the Crypt)

   It affects your dexterity (-4).
   It protects you from fire.
   It affects your resistance to hostile enchantments.
   It lets you blink.
 x - the +7 shield "Yric" (worn) {MR+ MP+9}
   (You took it off Donald on level 4 of the Swamp)

   It affects your resistance to hostile enchantments.
   It affects your magic capacity (+9).
 C - a +0 hat of see invisible (worn)
 I - the +3 pair of boots "Ghautweipp" (worn) {Dex+7}
   (You found it on level 3 of the Elven Halls)

   It affects your dexterity (+7).
Rods
 p - a +4 rod of clouds (15/15)
   (You found it on level 4 of the Dungeon)
Jewellery
 a - the amulet of Darkness {Gourm -Cast rElec Str+3}
   (You found it on level 6 of the Pits of Slime)

   [amulet of the gourmand]

   It allows you to eat raw meat even when not hungry.
   It affects your strength (+3).
   It insulates you from electricity.
   It prevents spellcasting.
 j - a +3 ring of slaying
 H - a +6 ring of evasion (right hand)
 L - the ring of Guomaz (left hand) {rElec rPois rF+ rC++ rN+ MR-}
   (You found it on level 3 of the Elven Halls)

   [ring of poison resistance]

   It protects you from fire.
   It greatly protects you from cold.
   It insulates you from electricity.
   It protects you from poison.
   It protects you from negative energy.
   It affects your resistance to hostile enchantments.
 O - an uncursed ring of flight
 U - an uncursed ring of protection from magic
 Z - an amulet of regeneration (around neck)
Magical devices
 i - a wand of fire (3)
 k - a wand of confusion (19)
 o - a wand of cold (5)
 J - a wand of lightning (4)
 R - a wand of hasting (3)
 S - a wand of invisibility (3)
 W - a wand of digging (8)
 X - a wand of fire (5)
Scrolls
 c - 30 scrolls of teleportation
 e - 30 scrolls of remove curse
 r - 15 scrolls of identify
 u - 7 scrolls of immolation
 y - 9 scrolls of recharging
 z - 7 scrolls of fog
 E - 6 scrolls of blinking
 F - 4 scrolls of summoning
 P - 11 scrolls of fear
 Y - 6 scrolls of magic mapping
Potions
 g - 7 potions of might
 l - 14 potions of heal wounds
 m - 23 potions of curing
 n - 4 potions of cure mutation
 q - a potion of haste
 v - 2 potions of berserk rage
 A - 2 potions of agility
 Q - 6 potions of resistance
 T - 5 potions of cancellation
Miscellaneous
 d - a lamp of fire
 w - a phial of floods
 G - a stone of tremors
 K - a fan of gales
Comestibles
 f - 29 bread rations


   Skills:
 O Level 27 Fighting
 + Level 23.5(27) Axes
 - Level 20.9(25.9) Throwing
 - Level 15.1(20.1) Armour
 - Level 7.0(12.0) Dodging
 - Level 13.2(18.2) Shields
 - Level 5.8 Invocations
 * Level 12.3 Evocations


You had 14 spell levels left.
You knew the following spells:

 Your Spells              Type           Power        Failure   Level  Hunger
a - Apportation           Tloc           #.........   98%         1    ##.....
b - Blink                 Tloc           N/A          99%         2    ###....
c - Regeneration          Chrm/Necr      #.........   100%        3    ####...
d - Repel Missiles        Chrm/Air       #.....       99%         2    ###....
e - Summon Small Mammal   Summ           #...         98%         1    ##.....


Dungeon Overview and Level Annotations

Branches:
Dungeon (15/15)            Temple (1/1) D:4            Lair (8/8) D:10
  Swamp (5/5) Lair:4       Spider (5/5) Lair:3        Slime (6/6) Lair:7
    Orc (4/4) D:11            Elf (3/3) Orc:3        Vaults (4/5) D:14
  Crypt (3/3) Vaults:2       Tomb (0/3) Crypt:3      Depths (5/5) D:15
    Zot: Depths:5

Altars:
Cheibriados
Dithmenos
Elyvilon
Kikubaaqudgha
Nemelex Xobeh
Okawaru
Qazlal
Ru
Sif Muna
Xom
The Shining One
Beogh
Jiyva

Shops:
D:11 *   D:15 !   Orc:4 [*}(

Portals:
Hell: Depths:1 Depths:2 Depths:3 Depths:4
Abyss: Depths:2 Depths:4
Pandemonium: Depths:3
Ziggurat: Depths:2


Innate Abilities, Weirdness & Mutations

You reflexively headbutt those who attack you in melee.
You have a pair of horns on your head.
You possess an exceptional clarity of mind.
You are clumsy. (Dex -2)
Your flesh is cold resistant.
Your magical capacity is low (-10% MP).
Your system is resistant to poisons.
Your spells are a little easier to cast, but a little less powerful.
You expend magic power (3 MP) to slightly strengthen your wands.


Message History

Unknown command.
Drink which item? (? for menu, Esc to quit)
You feel much better.
Your blue devil is no longer moving slowly.
Your rust devil is no longer moving slowly.
You block the caustic shrike's attack. The caustic shrike claws you.
* * * LOW HITPOINT WARNING * * *
You are splashed with acid!
The acid burns!
* * * LOW HITPOINT WARNING * * *
The caustic shrike claws you!
* * * LOW HITPOINT WARNING * * *
You are splashed with acid!
The acid burns!
* * * LOW HITPOINT WARNING * * *
You block the caustic shrike's attack. x2
The caustic shrike barely misses you. You furiously retaliate!
You headbutt the caustic shrike. You block the caustic shrike's attack.
The caustic shrike claws you!!
* * * LOW HITPOINT WARNING * * *
You are splashed with acid!
The acid burns!
You die...

##. #... ##..
#... . ##... ...
##...# ....
###...w# ....#
###....b.#......#
#.....4b@†.......
#......bbb#......
.......4.# ###
.........#
......##.. ...(.
#.. ##.. .. ##.
...


You could see 5 caustic shrikes, a torpor snail, a friendly rust devil and a
friendly blue devil.

Vanquished Creatures
  the royal jelly (Slime:6)
  Khufu (Crypt:3)
  Boris (Crypt:1)
  Margery (Vaults:2)
  A caustic shrike (Depths:5)
  Saint Roka (Swamp:2)
  Mara (Vaults:2)
  A profane servitor (Crypt:3)
  Xtahua (Vaults:2)
  2 bone dragons
  Arachne (Spider:4)
  Nikola (Spider:3)
  An Ice Fiend (IceCv)
  A quicksilver dragon (Depths:2)
  4 deep elf blademasters
  A Shadow Fiend (Elf:3)
  20 acid blobs
  5 liches
  3 sphinxes
  2 eldritch tentacles
  A tengu reaver (Depths:4)
  Rupert (Swamp:1)
  Agnes (Crypt:1)
  Kirke (Swamp:2)
  4 ancient champions
  An Executioner (Elf:2)
  A shadow dragon (Depths:2)
  13 azure jellies
  3 thorn hunters
  A revenant (Crypt:3)
  Donald (Swamp:4)
  8 fire giants
  Maud (D:14)
  7 frost giants
  3 orc warlords (Vaults:4)
  Louise (Swamp:2)
  A curse skull (Crypt:1)
  8 deep elf sorcerers (Elf:3)
  2 ghost moths (Spider:5)
  Gastronok (Lair:1)
  10 emperor scorpions
  7 ghouls
  8 vault wardens
  A reaper (WizLab)
  7 ironheart preservers
  3 very ugly things (Depths:3)
  9 deep elf demonologists
  11 stone giants
  3 vampire knights
  2 lorocyprocas
  16 deep elf annihilators
  3 unborn
  A dire elephant (Depths:1)
  An ettin (shapeshifter) (Depths:4)
  Snorg (Lair:8)
  4 eidola
  9 deep elf death magi
  4 ettins
  2 mummy priests (Crypt:3)
  4 vault guards
  4 minotaurs
  A fire dragon (shapeshifter) (Depths:4)
  3 fire dragons
  A crystal guardian (Depths:4)
  16 jiangshi
  8 death oozes (Slime:6)
  Josephine (Orc:2)
  16 yaktaur captains
  5 deep elf high priests
  2 ice dragons (shapeshifter) (Depths:4)
  Fannar (Orc:2)
  12 great orbs of eyes
  2 deep troll shamans (Depths:3)
  2 spriggan air magi
  2 death cobs (Crypt:3)
  6 deep troll earth magi
  10 ice dragons
  Nessos (Elf:2)
  7 centaur warriors
  11 rakshasas
  2 ghost crabs (Swamp:5)
  15 hydras
  14 dancing weapons
  An alligator (shapeshifter) (Depths:4)
  2 vampire magi
  5 death knights
  12 ogre magi
  5 alligators
  10 death yaks
  2 tengu warriors
  3 thrashing horrors (WizLab)
  An orc high priest (Elf:2)
  A hell beast (Depths:1)
  A spriggan berserker (Depths:2)
  Nergalle (Lair:7)
  3 iron trolls
  A catoblepas (Depths:1)
  A titan skeleton (Vaults:4)
  3 soul eaters
  Erolcha (D:9)
  4 shadow wraiths
  10 ice devils
  28 skeletal warriors
  A salamander mystic (Depths:4)
  14 hell knights
  3 fire crabs
  A shambling mangrove (Swamp:2)
  14 deep trolls
  6 flayed ghosts
  17 deep elf knights
  A giant orange brain (Vaults:2)
  A lindwurm (shapeshifter) (Depths:1)
  6 ice statues
  9 deep elf summoners
  10 ironbrand convokers
  An obsidian statue (WizLab)
  9 hill giants
  2 spectral hydras (Swamp:5)
  An infernal demonspawn (Depths:3)
  4 swamp dragons
  7 orc sorcerers
  19 orc knights
  2 lindwurms (Lair:8)
  2 ugly thing zombies (Depths:3)
  2 harpies (shapeshifter)
  4 wizards
  5 griffons
  12 orb spiders
  13 cyclopes
  23 deep elf conjurers
  An oklob plant (Swamp:5)
  25 wolf spiders
  A frost giant zombie (Depths:3)
  5 hornets
  29 ugly things
  2 draconians (shapeshifter)
  2 worldbinders (WizLab)
  2 sixfirhies
  A titan simulacrum (Crypt:3)
  4 small abominations
  4 manticores
  8 shining eyes
  9 necromancers
  13 phantasmal warriors
  Maurice (Orc:2)
  17 elephants
  A rust devil (Crypt:3)
  Joseph (Orc:3)
  A moth of wrath (Spider:5)
  A guardian serpent (shapeshifter) (Vaults:3)
  2 molten gargoyles (Volcano)
  2 human skeletons
  5 smoke demons
  2 gargoyles
  49 yaktaurs
  An orange demon (Depths:3)
  11 torpor snails
  A guardian serpent (WizLab)
  18 spiny frogs
  A kobold demonologist (D:14)
  The ghost of WhatIsLove the Magician, an experienced DgCj (D:5)
  15 vault sentinels
  4 naga magi (Depths:4)
  5 swamp worm zombies (Swamp:5)
  A komodo dragon (shapeshifter) (Vaults:1)
  A tormentor (Depths:3)
  6 black mambas
  6 komodo dragons
  9 demonic crawlers
  A golden dragon simulacrum (IceCv)
  A hellwing (Crypt:3)
  4 wandering mushrooms (Lab)
  13 deep elf priests
  A fire drake (shapeshifter) (Vaults:2)
  27 jumping spiders
  2 water elementals
  3 ancient zymes (WizLab)
  3 red devils
  A mottled draconian skeleton (Crypt:1)
  A yellow draconian skeleton (Crypt:1)
  9 blue devils
  3 tengu conjurers
  6 guardian mummies (Crypt:3)
  A ghoul skeleton (Crypt:3)
  An elf (shapeshifter) (D:13)
  A ghost moth simulacrum (Crypt:3)
  2 yaktaur skeletons (Vaults:4)
  4 hydra zombies
  5 anaconda simulacra
  3 silent spectres (Crypt:2)
  A polar bear (Lair:4)
  4 fire drakes
  Sonja (Orc:2)
  8 freezing wraiths
  A shadow dragon simulacrum (Crypt:3)
  100 slime creatures
  A wolf spider simulacrum (Crypt:3)
  Grinder (D:3)
  7 boulder beetles
  8 giant leeches
  25 two-headed ogres
  2 fire dragon zombies
  An air elemental (WizLab)
  20 bog bodies
  4 spectral swamp dragons (Swamp:5)
  18 trolls
  12 ravens
  An iron dragon simulacrum (Depths:4)
  An alligator zombie (Swamp:5)
  A raven (shapeshifter) (Vaults:4)
  4 basilisks
  24 blink frogs
  47 redbacks
  A fire dragon skeleton (Crypt:1)
  15 shadows
  22 deep elf magi
  46 flying skulls (Crypt:3)
  19 tarantellas
  A dire elephant simulacrum (IceCv)
  4 hogs (Swamp:2)
  A tarantella (shapeshifter) (Vaults:2)
  9 wraiths
  A vampire (Crypt:1)
  4 wyverns
  A ynoxinul (Depths:1)
  24 trapdoor spiders
  45 yaks
  2 harpy simulacra (IceCv)
  7 fire bats (Volcano)
  9 golden eyes
  A yak (shapeshifter) (Vaults:2)
  A wyvern (shapeshifter) (Vaults:3)
  13 hippogriffs
  3 hungry ghosts
  A spectral raven (Swamp:5)
  31 deep elf fighters
  11 porcupines
  4 spatial vortices (WizLab)
  2 chaos spawn
  A neqoxec (Depths:3)
  A monstrous demonspawn zombie (Crypt:1)
  A spiny frog zombie (Crypt:2)
  8 wargs
  23 insubstantial wisps
  4 mottled dragons
  29 vampire mosquitoes
  33 swamp worms
  3 human zombies
  A raven zombie (Crypt:2)
  A deep troll zombie (Crypt:1)
  6 large abominations
  A gelid demonspawn skeleton (Crypt:1)
  A hydra simulacrum (IceCv)
  23 wolves
  19 water moccasins
  A hell hound (WizLab)
  8 swamp drakes
  An ogre (shapeshifter) (Depths:5)
  8 necrophages
  9 phantoms
  2 black bears (D:9)
  2 sky beasts
  3 fire dragon simulacra (Depths:4)
  14 crocodiles
  19 spiders
  4 swamp dragon zombies (Swamp:5)
  9 wasps
  29 ice beasts
  A hog zombie (Crypt:2)
  49 orc warriors
  5 boggarts
  7 eyes of draining
  A lost soul (Elf:3)
  A blink frog skeleton (Crypt:2)
  20 centaurs
  2 boring beetles
  59 ogres
  5 big kobolds
  An ettin simulacrum (IceCv)
  5 elf zombies (Elf:1)
  23 giant frogs
  3 brain worms (Lair:8)
  A fire drake skeleton (Crypt:2)
  Blork the orc (D:9)
  A glowing shapeshifter simulacrum (Vaults:3)
  2 wyvern zombies
  2 wyvern skeletons
  20 wights
  10 scorpions
  An electric eel (Spider:2)
  24 killer bees
  A spriggan skeleton (Lab)
  6 crimson imps
  2 centaur zombies
  A goliath beetle (D:6)
  21 jellies
  29 orc priests
  2 giant frog zombies
  7 hounds
  A lava snake (Volcano)
  28 orc wizards
  2 quasits (D:7)
  A human simulacrum (Vaults:2)
  6 centaur skeletons
  2 iron imps
  2 giant frog skeletons
  9 iguanas
  2 wolf simulacra (Lair:8)
  5 polar bear simulacra (Lair:8)
  5 hell rats
  18 worker ants
  43 sheep
  2 yak simulacra (Lair:8)
  Jessica (D:2)
  A necrophage skeleton (Crypt:3)
  Terence (D:3)
  A worker ant zombie (D:8)
  Robin (D:2)
  24 adders
  3 gnolls
  53 river rats
  2 swamp drake zombies (Swamp:5)
  6 shadow imps
  A white imp (Depths:3)
  3 giant mites
  5 ufetubi
  25 worms
  An iguana zombie (Crypt:1)
  7 giant geckos
  2 oozes
  215 orcs
  19 bats
  2 bat skeletons
  4 giant cockroaches
  11 hobgoblins
  10 jackals
  38 kobolds
  9 quokkas
  3 ball pythons
  4 giant newts
  A giant spore (D:15)
  34 goblins
  A jackal zombie (D:5)
  An orc skeleton (Orc:2)
  A quokka skeleton (D:5)
  28 rats
  2 river rat simulacra (Lair:8)
  5 spectral orcs (Lair:7)
  13 ballistomycetes
  4 crawling corpses (Elf:3)
  22 fungi
  12 plants
2851 creatures vanquished.

Vanquished Creatures (collateral kills)
  A titan (Depths:4)
  A sphinx (Depths:1)
  A tengu reaver (Depths:2)
  2 ghouls
  3 emperor scorpions
  Jorgrun (Crypt:2)
  A stone giant (Depths:1)
  A deep elf demonologist (Elf:3)
  An ettin (Depths:1)
  A deep elf annihilator (Depths:4)
  A death ooze (Slime:6)
  2 jiangshi (Crypt:3)
  A fire dragon (Depths:2)
  An ice dragon (Depths:3)
  A centaur warrior (Depths:4)
  A death yak (Depths:3)
  A soul eater (Crypt:2)
  2 hell knights
  2 dancing weapons (Elf:2)
  2 skeletal warriors
  A deep elf knight (Elf:2)
  A deep elf summoner (Depths:2)
  A giant orange brain (Depths:2)
  A hill giant (Depths:1)
  An ugly thing (Depths:1)
  A worldbinder (WizLab)
  2 freezing wraiths (Crypt:3)
  A guardian mummy (Crypt:3)
  A raven (Depths:1)
  A ynoxinul (Depths:1)
  5 flying skulls (Crypt:3)
  A shadow (Crypt:3)
  A neqoxec (Depths:3)
  A raven skeleton (Crypt:2)
  2 ogres (Depths:2)
  A swamp dragon skeleton (Crypt:1)
  A lost soul (Crypt:2)
  A crimson imp (Depths:3)
51 creatures vanquished.

Vanquished Creatures (others)
  4 sun demons
  3 soul eaters
  An ice devil (Crypt:3)
  3 orb spiders (Spider:3)
  3 sixfirhies
  2 rust devils (Crypt:3)
  6 orange demons
  5 water elementals
  A hellwing (Slime:6)
  5 smoke demons
  A yaktaur (Vaults:1)
  4 red devils
  A jumping spider (Spider:3)
  A raven (Depths:4)
  A trapdoor spider (Crypt:3)
  A human (Swamp:2)
  A ynoxinul (Depths:2)
  A deep elf mage (Elf:3)
  A yak (D:14)
  2 chaos spawn
  A neqoxec (Crypt:1)
  A swamp worm (Swamp:5)
  2 insubstantial wisps (Swamp:5)
  9 lost souls
  A big kobold (D:14)
  2 scorpions (Spider:3)
  A crimson imp (Elf:3)
  An orc wizard (D:10)
  5 ufetubi
  6 orcs
  A giant spore (D:14)
  3 ballistomycetes (D:14)
  A crawling corpse (Elf:3)
  1275 eldritch tentacle segments
  6 fungi
  11 plants
1373 creatures vanquished.

Grand Total: 4275 creatures vanquished

Notes
Turn   | Place    | Note
--------------------------------------------------------------
     0 | D:1      | BluebellGnoll, the Minotaur Gladiator, began the quest for the Orb.
     0 | D:1      | Reached XP level 1. HP: 18/18 MP: 1/1
   405 | D:1      | Reached XP level 2. HP: 15/26 MP: 1/1
   974 | D:2      | Noticed Robin
   979 | D:2      | Reached skill level 4 in Fighting
   983 | D:2      | Reached XP level 3. HP: 17/33 MP: 2/2
   991 | D:2      | Killed Robin
  1329 | D:2      | Noticed Jessica
  1337 | D:2      | Reached skill level 5 in Fighting
  1346 | D:2      | Killed Jessica
  1346 | D:2      | Reached XP level 4. HP: 23/42 MP: 2/2
  1524 | D:2      | Found an iron altar of Okawaru.
  1553 | D:2      | Became a worshipper of Warmaster Okawaru
  1776 | D:3      | Noticed Terence
  1785 | D:3      | Killed Terence
  1785 | D:3      | Reached XP level 5. HP: 41/48 MP: 2/2
  1867 | D:3      | Found a stormy altar of Qazlal.
  2009 | D:3      | Reached skill level 5 in Axes
  2132 | D:3      | Found a snail-covered altar of Cheibriados.
  2183 | D:3      | Noticed Grinder
  2191 | D:3      | Paralysed by Grinder for 2 turns
  2194 | D:3      | Paralysed by Grinder for 3 turns
  2208 | D:3      | Paralysed by Grinder for 7 turns
  2217 | D:3      | Paralysed by Grinder for 6 turns
  2224 | D:3      | Killed Grinder
  2224 | D:3      | Acquired Okawaru's first power
  2224 | D:3      | Reached skill level 7 in Axes
  2224 | D:3      | Reached XP level 6. HP: 40/56 MP: 3/3
  2783 | D:4      | Reached skill level 8 in Axes
  2823 | D:4      | Reached XP level 7. HP: 58/61 MP: 3/3
  2850 | D:4      | Identified a +0 rod of clouds (10/10) (You found it on level 4 of the Dungeon)
  2860 | D:4      | Found a staircase to the Ecumenical Temple.
  2876 | Temple   | Entered the Ecumenical Temple
  3335 | D:5      | Entered Level 5 of the Dungeon
  3342 | D:5      | Reached skill level 5 in Dodging
  3443 | D:5      | Noticed WhatIsLove's ghost (experienced DgCj)
  3454 | D:5      | Killed WhatIsLove's ghost
  3454 | D:5      | Reached XP level 8. HP: 40/69 MP: 3/3
  3508 | D:5      | Reached skill level 1 in Armour
  3663 | D:5      | Found a glowing drain.
  3678 | Sewer    | Entered a sewer
  4766 | D:6      | Reached skill level 5 in Armour
  5254 | D:6      | Reached XP level 9. HP: 75/75 MP: 4/4
  5474 | D:7      | Reached skill level 9 in Axes
  6623 | D:8      | Received a gift from Okawaru
  6623 | D:8      | Reached skill level 10 in Axes
  6912 | D:8      | Found a deep blue altar of Sif Muna.
  7311 | D:9      | Noticed Erolcha
  7396 | D:9      | Killed Erolcha
  7396 | D:9      | Acquired Okawaru's second power
  7483 | D:9      | Found a shimmering altar of Xom.
  7495 | D:9      | Reached XP level 10. HP: 89/91 MP: 4/4
  7651 | D:9      | Received a gift from Okawaru
  7679 | D:9      | Found a shadowy altar of Dithmenos.
  7865 | D:9      | Found a sacrificial altar of Ru.
  7873 | D:9      | Noticed Blork the orc
  7883 | D:9      | Killed Blork the orc
  7883 | D:9      | Reached skill level 10 in Fighting
  7931 | D:9      | Reached skill level 5 in Throwing
  8111 | D:10     | Entered Level 10 of the Dungeon
  8475 | D:10     | Noticed a hill giant
  8485 | D:10     | Killed a hill giant
  8485 | D:10     | Reached skill level 11 in Fighting
  8784 | D:10     | Noticed a cyclops
  8793 | D:10     | Killed a cyclops
  8793 | D:10     | Received a gift from Okawaru
  8889 | D:10     | Reached skill level 1 in Evocations
  8911 | D:10     | Found a staircase to the Lair.
  8919 | D:10     | Noticed a hill giant
  8926 | D:10     | Killed a hill giant
  9196 | Lair:1   | Entered Level 1 of the Lair of Beasts
  9219 | Lair:1   | Received a gift from Okawaru
  9243 | Lair:1   | Received a gift from Okawaru
  9355 | Lair:1   | Reached skill level 5 in Evocations
  9406 | Lair:2   | Found a labyrinth entrance.
  9412 | Lair:2   | Reached XP level 11. HP: 103/103 MP: 13/13
  9433 | Lab      | Entered a labyrinth
 11787 | Lab      | Noticed a minotaur
 11802 | Lab      | Killed a minotaur
 11805 | Lab      | Got an encrusted great mace
 11823 | Lab      | Identified Jeenit's Guide on Displaced Darkness
 12091 | Lair:2   | Received a gift from Okawaru
 12096 | Lair:2   | Reached skill level 12 in Fighting
 12177 | Lair:2   | Received a gift from Okawaru
 12180 | Lair:2   | Got a dazzling war axe {god gift}
 12214 | Lair:2   | Identified the +3 war axe "Skoutwio" {freeze, Contam +Inv rPois MP+9 Dex+4} (Okawaru gifted it to you on level 2 of the Lair of Beasts)
 12234 | Lair:2   | Noticed a four-headed hydra
 12241 | Lair:2   | Killed a four-headed hydra
 12366 | Lair:2   | Identified a scroll of acquirement
 12367 | Lair:2   | Got a warped iron ring
 12369 | Lair:2   | Identified the ring "Tibub" {+Inv Int+2} (You acquired it on level 2 of the Lair of Beasts)
 12601 | Lair:2   | You fall through a shaft!
 12615 | Lair:3   | Found a hole to the Spider Nest.
 12789 | Lair:2   | Noticed a seven-headed hydra
 12804 | Lair:2   | Killed a seven-headed hydra
 13144 | Lair:1   | Reached XP level 12. HP: 113/113 MP: 20/20
 13150 | Lair:1   | Reached skill level 13 in Fighting
 13203 | Lair:1   | Noticed Gastronok
 13237 | Lair:1   | Killed Gastronok
 13237 | Lair:1   | Received a gift from Okawaru
 13652 | Lair:3   | Received a gift from Okawaru
 13699 | Lair:3   | Reached skill level 14 in Fighting
 14199 | Lair:4   | Reached skill level 15 in Fighting
 14663 | Lair:4   | Reached skill level 16 in Fighting
 14878 | Lair:4   | Found a staircase to the Swamp.
 14893 | Lair:4   | Reached XP level 13. HP: 113/129 MP: 21/21
 16403 | D:11     | Found Osho's Assorted Antiques.
 16891 | D:11     | Found a staircase to the Orcish Mines.
 17233 | Lair:2   | Gained mutation: You possess an exceptional clarity of mind. [potion of mutation]
 17233 | Lair:2   | Gained mutation: Your system is resistant to poisons. [potion of mutation]
 17233 | Lair:2   | Gained mutation: You are clumsy. (Dex -2) [potion of mutation]
 17234 | Lair:2   | Gained mutation: Your spells are a little easier to cast, but a little less powerful. [potion of mutation]
 17234 | Lair:2   | Gained mutation: You expend magic power (3 MP) to slightly strengthen your wands. [potion of mutation]
 17234 | Lair:2   | Gained mutation: Your flesh is cold resistant. [potion of mutation]
 17355 | Orc:1    | Entered Level 1 of the Orcish Mines
 17667 | Orc:1    | Found a roughly hewn altar of Beogh.
 17822 | Orc:2    | Noticed Fannar
 17833 | Orc:1    | Received a gift from Okawaru
 17838 | Orc:1    | Got a bloodstained hat {god gift}
 17849 | Orc:1    | Identified the +2 hat "Smoecw" {Stlth+} (Okawaru gifted it to you on level 1 of the Orcish Mines)
 17895 | Orc:2    | Killed Fannar
 17948 | Orc:2    | Noticed Sonja
 17955 | Orc:2    | Killed Sonja
 18063 | Orc:2    | Noticed Josephine
 18074 | Orc:2    | Killed Josephine
 18135 | Orc:2    | Reached skill level 10 in Throwing
 18202 | Orc:2    | Noticed Maurice
 18210 | Orc:2    | Killed Maurice
 18879 | Orc:3    | Reached skill level 17 in Fighting
 18932 | Orc:3    | Found a staircase to the Elven Halls.
 19107 | Orc:3    | Noticed Joseph
 19115 | Orc:3    | Killed Joseph
 19219 | Orc:4    | Entered Level 4 of the Orcish Mines
 19719 | Orc:4    | Found Sajuov's Weapon Emporium.
 19792 | Orc:4    | Received a gift from Okawaru
 19802 | Orc:4    | Found Cuong's Gadget Emporium.
 19843 | Orc:4    | Reached XP level 14. HP: 112/141 MP: 21/21
 19843 | Orc:4    | Reached skill level 18 in Fighting
 20028 | Orc:4    | Received a gift from Okawaru
 20216 | Orc:4    | Found Utuofoug's Assorted Antiques.
 20236 | Orc:4    | Found Qeohuj's Antique Armour Shoppe.
 20401 | Orc:3    | Paralysed by an orc sorcerer for 6 turns
 20819 | Swamp:1  | Entered Level 1 of the Swamp
 20965 | Swamp:1  | Noticed Rupert
 20972 | Swamp:1  | Killed Rupert
 21006 | Swamp:1  | Reached skill level 19 in Fighting
 21237 | Swamp:1  | Got a steaming dagger
 21482 | Swamp:2  | Found a frozen archway.
 21610 | IceCv    | Entered an ice cave
 21653 | IceCv    | Received a gift from Okawaru
 22275 | IceCv    | Noticed an Ice Fiend
 22284 | IceCv    | Killed an Ice Fiend
 22284 | IceCv    | Received a gift from Okawaru
 22284 | IceCv    | Received a gift from Okawaru
 22353 | IceCv    | Got a warped robe
 22358 | IceCv    | Got a twisted chain mail
 22426 | IceCv    | Identified the +1 chain mail "Shroj" {rPois Int+3 Dex+4} (You found it in an ice cave)
 22493 | Swamp:2  | Received a gift from Okawaru
 22494 | Swamp:2  | Got a transparent cloak {god gift}
 22589 | Lair:2   | Identified the +3 cloak of Mnolaes {rN+} (Okawaru gifted it to you on level 2 of the Swamp)
 22824 | Swamp:2  | Reached skill level 15 in Axes
 23010 | Swamp:2  | Noticed Saint Roka
 23044 | Swamp:2  | Reached XP level 15. HP: 53/152 MP: 3/23
 23061 | Swamp:2  | Killed Saint Roka
 23073 | Swamp:2  | Noticed Kirke
 23087 | Swamp:2  | Killed Kirke
 23092 | Swamp:2  | Noticed Louise
 23225 | Swamp:2  | Killed Louise
 24280 | Swamp:3  | Received a gift from Okawaru
 25222 | Lair:6   | Reached skill level 1 in Invocations
 25750 | Lair:7   | Noticed Nergalle
 25763 | Lair:7   | Killed Nergalle
 26191 | Lair:7   | Found a viscous altar of Jiyva.
 26192 | Lair:7   | Found a staircase to the Slime Pits.
 26656 | Swamp:2  | Noticed a thorn hunter
 26683 | Swamp:2  | Killed a thorn hunter
 26866 | Swamp:3  | Noticed a thorn hunter
 26875 | Swamp:3  | Killed a thorn hunter
 26979 | Swamp:3  | Noticed a thorn hunter
 27000 | Swamp:3  | Killed a thorn hunter
 27079 | Swamp:3  | Reached skill level 5 in Invocations
 27267 | Swamp:3  | Reached skill level 10 in Evocations
 27909 | D:12     | Found a white marble altar of Elyvilon.
 28472 | D:13     | Reached XP level 16. HP: 158/161 MP: 25/25
 29318 | D:14     | Received a gift from Okawaru
 29400 | D:14     | Reached skill level 20 in Fighting
 29814 | D:14     | Found a gate to the Vaults.
 30294 | D:14     | Noticed Maud
 30333 | D:14     | Killed Maud
 30862 | D:15     | Entered Level 15 of the Dungeon
 30872 | D:15     | Found a stormy altar of Qazlal.
 31033 | D:15     | Received a gift from Okawaru
 31327 | D:15     | Reached skill level 21 in Fighting
 31345 | D:15     | Found Ugauj's Distillery.
 31354 | D:15     | Bought a potion of poison for 12 gold pieces
 31354 | D:15     | Bought a potion of brilliance for 48 gold pieces
 31354 | D:15     | Bought a potion of degeneration for 12 gold pieces
 31354 | D:15     | Bought a potion of heal wounds for 60 gold pieces
 31354 | D:15     | Bought a potion of agility for 48 gold pieces
 31354 | D:15     | Bought a potion of might for 48 gold pieces
 31354 | D:15     | Bought a potion of agility for 48 gold pieces
 31354 | D:15     | Bought a potion of agility for 48 gold pieces
 31681 | D:15     | Found a staircase to the Depths.
 32509 | Swamp:4  | Received a gift from Okawaru
 32916 | Swamp:4  | Noticed Donald
 32938 | Swamp:4  | Killed Donald
 32940 | Swamp:4  | Got a dazzling shield
 33003 | Swamp:4  | Identified the +7 shield "Yric" {MR+ MP+9} (You took it off Donald on level 4 of the Swamp)
 33035 | Swamp:5  | Entered Level 5 of the Swamp
 33058 | Swamp:5  | Received a gift from Okawaru
 33058 | Swamp:5  | Reached skill level 1 in Shields
 33561 | Swamp:5  | Reached skill level 5 in Shields
 34177 | Swamp:5  | Noticed a bone dragon
 34226 | Swamp:5  | Killed a bone dragon
 34382 | Swamp:5  | Got a decaying rune of Zot
 34711 | Spider:1 | Entered Level 1 of the Spider Nest
 34712 | Spider:1 | Upgraded the game from 0.16-a0-4078-g0e80503 to 0.16-a0-4088-g7c8221e
 34924 | Spider:1 | Reached XP level 17. HP: 173/173 MP: 26/26
 36155 | Spider:2 | Reached skill level 10 in Shields
 36942 | Spider:3 | Noticed Nikola
 36989 | Spider:3 | Killed Nikola
 36989 | Spider:3 | Received a gift from Okawaru
 37904 | Spider:3 | Received a gift from Okawaru
 37905 | Spider:3 | Got an encrusted battleaxe {god gift}
 38081 | Spider:4 | Noticed Arachne
 38092 | Spider:4 | Killed Arachne
 38250 | Spider:4 | Reached skill level 10 in Armour
 38679 | Spider:5 | Entered Level 5 of the Spider Nest
 39372 | Spider:5 | Identified the Grimoire of Orientation and Attacks
 39375 | Spider:5 | Learned a level 1 spell: Apportation
 40022 | Spider:5 | Received a gift from Okawaru
 40063 | Spider:5 | Got a gossamer rune of Zot
 40353 | Lair:2   | Identified the +10 battleaxe "Itorijul" {holy, Str+2} (Okawaru gifted it to you on level 3 of the Spider Nest)
 40439 | D:11     | Bought a glowing chain mail for 112 gold pieces
 40439 | D:11     | Bought a runed chain mail for 112 gold pieces
 40520 | Elf:1    | Entered Level 1 of the Elven Halls
 40618 | Elf:1    | Reached XP level 18. HP: 182/182 MP: 27/27
 40732 | Elf:1    | Received a gift from Okawaru
 41069 | Elf:1    | Received a gift from Okawaru
 41329 | Elf:1    | Identified the Collected Works on Dark Secrets
 41409 | Elf:1    | Reached skill level 15 in Armour
 41687 | Elf:2    | Received a gift from Okawaru
 42067 | Elf:2    | Received a gift from Okawaru
 42257 | Elf:2    | Found a runed gate.
 42261 | Elf:2    | Found a runed gate.
 42268 | Elf:2    | Found a runed gate.
 42555 | Elf:2    | Noticed Nessos
 42562 | Elf:2    | Killed Nessos
 43342 | Vaults:1 | Entered Level 1 of the Vaults
 43360 | Vaults:1 | Received a gift from Okawaru
 45061 | Vaults:2 | Found a staircase to the Crypt.
 45202 | Vaults:2 | Reached XP level 19. HP: 191/191 MP: 27/27
 45763 | Vaults:2 | Noticed Mara
 45774 | Vaults:2 | Noticed BluebellGnoll's illusion
 45783 | Vaults:2 | Killed Mara
 45804 | Vaults:2 | Noticed Margery
 45814 | Vaults:2 | Killed Margery
 45814 | Vaults:2 | Received a gift from Okawaru
 45819 | Vaults:2 | Noticed Xtahua
 45827 | Vaults:2 | Killed Xtahua
 46013 | Vaults:2 | Received a gift from Okawaru
 46802 | Vaults:3 | Received a gift from Okawaru
 47044 | Vaults:3 | Received a gift from Okawaru
 47352 | Vaults:3 | Received a gift from Okawaru
 47771 | Vaults:3 | Got a crude battleaxe
 47963 | Vaults:3 | Reached skill level 22 in Fighting
 48436 | Vaults:4 | Reached skill level 15 in Throwing
 48970 | Vaults:4 | Received a gift from Okawaru
 49044 | Vaults:4 | Reached XP level 20. HP: 155/200 MP: 28/28
 49078 | Vaults:4 | Received a gift from Okawaru
 49355 | Vaults:4 | Received a gift from Okawaru
 49378 | Vaults:4 | Identified the +12 battleaxe of Qazlal's Displeasure {elec, rElec MP+9 Int+2} (You found it on level 3 of the Vaults)
 50513 | Vaults:4 | Reached skill level 23 in Fighting
 51996 | Lair:8   | Entered Level 8 of the Lair of Beasts
 52015 | Lair:8   | Noticed Snorg
 52022 | Lair:8   | Killed Snorg
 52056 | Lair:8   | Found a dark tunnel.
 52117 | Volcano  | Entered a volcano
 52188 | Volcano  | Found a burning altar of Makhleb.
 52193 | Volcano  | Received a gift from Okawaru
 52689 | Lair:8   | Got a heavily runed plate armour
 52690 | Lair:8   | Identified the +3 plate armour of Generosity {rF++ rCorr} (You found it on level 8 of the Lair of Beasts)
 53489 | Lair:8   | Found a runed door.
 53598 | Lair:8   | Lost intelligence.
 54318 | D:14     | Identified a -1 rod of inaccuracy (9/9) (You found it on level 5 of the Spider Nest)
 54539 | Orc:4    | Bought a lamp of fire for 560 gold pieces
 55083 | Slime:1  | Entered Level 1 of the Pits of Slime
 55845 | Slime:4  | Reached skill level 24 in Fighting
 55891 | Slime:4  | Received a gift from Okawaru
 56323 | Slime:5  | Reached XP level 21. HP: 214/214 MP: 18/29
 56562 | Slime:6  | Entered Level 6 of the Pits of Slime
 57259 | Lair:5   | Received a gift from Okawaru
 57755 | Orc:4    | Bought a wand of invisibility (3) for 98 gold pieces
 58331 | Slime:6  | Found a viscous altar of Jiyva.
 58335 | Slime:6  | Noticed the royal jelly
 58355 | Slime:6  | Killed the royal jelly
 58355 | Slime:6  | Received a gift from Okawaru
 58402 | Slime:6  | Got a slimy rune of Zot
 58462 | Slime:6  | Got a brightly glowing bronze amulet
 58464 | Slime:6  | Identified the amulet "Ecunoli" {Ward rN+ MP+9 Str+4 Int-4} (You found it on level 6 of the Pits of Slime)
 58504 | Slime:6  | Got a pair of pitted gloves {god gift}
 58510 | Slime:6  | Identified the -2 pair of gloves "Chuuhac" {Str+5} (Okawaru gifted it to you on level 6 of the Pits of Slime)
 58582 | Slime:6  | Got an ancient diamond amulet
 58583 | Slime:6  | Identified the amulet of Darkness {Gourm -Cast rElec Str+3} (You found it on level 6 of the Pits of Slime)
 58610 | Slime:6  | Got a serpentine copper amulet
 58611 | Slime:6  | Identified the amulet of Spite {Inacc rN+} (You found it on level 6 of the Pits of Slime)
 59277 | Slime:6  | Got a crude morningstar
 59875 | Elf:3    | Entered Level 3 of the Elven Halls
 60604 | Elf:3    | Was placed under penance by Okawaru
 60638 | Elf:3    | Was forgiven by Okawaru
 60638 | Elf:3    | Reached skill level 25 in Fighting
 61000 | Elf:3    | Received a gift from Okawaru
 61169 | Elf:3    | Got a clouded wooden ring
 61269 | Elf:3    | Reached XP level 22. HP: 226/226 MP: 29/29
 61288 | Elf:3    | Identified the ring of Exki {Dex+2 Stlth+} (You took it off a deep elf conjurer on level 3 of the Elven Halls)
 61298 | Elf:3    | Got a scintillating tin ring
 61299 | Elf:3    | Identified the ring of Guomaz {rElec rPois rF+ rC++ rN+ MR-} (You found it on level 3 of the Elven Halls)
 61370 | Elf:3    | Got a warped plate armour
 61371 | Elf:3    | Identified the +9 plate armour of the Five Beds {Str+2 Dex+4} (You found it on level 3 of the Elven Halls)
 61486 | Elf:3    | Got a pair of slimy boots
 61497 | Elf:3    | Identified the +3 pair of boots "Ghautweipp" {Dex+7} (You found it on level 3 of the Elven Halls)
 61821 | Elf:3    | Got a twisted falchion
 61978 | Elf:3    | Upgraded the game from 0.16-a0-4088-g7c8221e to 0.16-a0-4092-gb8933cd
 62343 | Crypt:1  | Entered Level 1 of the Crypt
 62421 | Crypt:1  | Found a magical portal.
 62458 | WizLab   | Entered The Roulette of Golubria
 62460 | WizLab   | Found a corrupted altar of Lugonu.
 62491 | WizLab   | Found a corrupted altar of Lugonu.
 62583 | WizLab   | Found a corrupted altar of Lugonu.
 62775 | WizLab   | Learned a level 2 spell: Blink
 62801 | WizLab   | Got an encrusted cloak
 62807 | WizLab   | Got a crude cloak
 62811 | WizLab   | Got a slimy cloak
 62832 | WizLab   | Identified the cursed -1 cloak of Zyuqeocu {+Inv +Fly rElec rPois Str-5} (You found it in a wizard's laboratory)
 62833 | WizLab   | Identified the +1 cloak "Thogeb" {rPois Regen+ Dex+2 Slay-6 SInv} (You found it in a wizard's laboratory)
 62834 | WizLab   | Identified the +3 cloak of the Blind Marksman {rPois rF- rN+ MR+ Regen+} (You found it in a wizard's laboratory)
 62951 | WizLab   | Received a gift from Okawaru
 63163 | Crypt:1  | Got a faintly glowing hand axe
 63164 | Crypt:1  | Identified the +3 hand axe "Ukku" {elec, rF+ MR+} (You found it on level 1 of the Crypt)
 63318 | Crypt:1  | Noticed Boris
 63335 | Crypt:1  | Noticed Agnes
 63335 | Crypt:1  | Killed Boris
 63343 | Crypt:1  | Killed Agnes
 63343 | Crypt:1  | Received a gift from Okawaru
 63352 | Crypt:1  | Reached skill level 26 in Fighting
 63635 | Crypt:2  | Received a gift from Okawaru
 63736 | Crypt:2  | Received a gift from Okawaru
 63981 | Crypt:2  | Received a gift from Okawaru
 63984 | Crypt:2  | Got a dazzling plate armour {god gift}
 64252 | Crypt:2  | Noticed Jorgrun
 64262 | Crypt:2  | Killed Jorgrun
 64325 | Crypt:3  | Entered Level 3 of the Crypt
 64617 | Crypt:3  | Found an ancient bone altar of Kikubaaqudgha.
 64877 | Crypt:3  | Reached skill level 27 in Fighting
 64980 | Crypt:3  | Received a gift from Okawaru
 64983 | Crypt:3  | Reached XP level 23. HP: 211/239 MP: 30/30
 65019 | Crypt:3  | Learned a level 3 spell: Regeneration
 65117 | Crypt:3  | Noticed Khufu
 65139 | Crypt:3  | Killed Khufu
 65139 | Crypt:3  | Received a gift from Okawaru
 65301 | Crypt:3  | Found a staircase to the Tomb.
 65336 | Crypt:3  | Got a translucent glaive
 65366 | Crypt:3  | Got a bronze scale mail
 65667 | D:14     | Identified the +9 plate armour "Bavewa" {+Blink rF+ MR+ Dex-4} (Okawaru gifted it to you on level 2 of the Crypt)
 65677 | D:14     | Identified the cursed -5 scale mail of Terror {Str+2} (You found it on level 3 of the Crypt)
 66151 | Depths:1 | Entered Level 1 of the Depths
 66790 | Depths:1 | Found a gateway to Hell.
 66803 | Depths:1 | Received a gift from Okawaru
 67961 | Depths:2 | Found a gateway to a ziggurat.
 67973 | Depths:2 | Received a gift from Okawaru
 67996 | Depths:2 | Found a one-way gate to the infinite horrors of the Abyss.
 68628 | Depths:3 | Learned a level 2 spell: Repel Missiles
 68815 | Depths:3 | Found a glowing golden altar of the Shining One.
 69031 | Depths:3 | Reached XP level 24. HP: 248/248 MP: 31/32
 69155 | Depths:3 | Gained mutation: Your magical capacity is low (-10% MP). [a neqoxec]
 69184 | Depths:3 | Found a one-way gate leading to the halls of Pandemonium.
 70112 | Depths:4 | Received a gift from Okawaru
 70373 | Depths:4 | Learned a level 1 spell: Summon Small Mammal
 70943 | Depths:4 | Received a gift from Okawaru
 70988 | Depths:5 | Entered Level 5 of the Depths
 71001 | Depths:5 | HP: 7/248 [caustic shrike (25)]
 71001 | Depths:5 | Splashed by a caustic shrike's acid

Action                   |  1- 3 |  4- 6 |  7- 9 | 10-12 | 13-15 | 16-18 | 19-21 | 22-24 || total
-------------------------+-------+-------+-------+-------+-------+-------+-------+-------++-------
Melee: War axe           |    67 |   125 |   363 |   313 |  1184 |  1609 |   949 |       ||  4610
       Unarmed           |     7 |       |       |       |       |       |       |       ||     7
       Battleaxe         |       |       |       |   212 |       |       |       |       ||   212
       Broad axe         |       |       |       |       |       |       |   496 |  1215 ||  1711
Throw: Throwing net      |     1 |     5 |       |       |       |     4 |       |       ||    10
       Tomahawk          |       |     1 |    10 |    77 |   236 |   328 |   165 |    90 ||   907
       Javelin           |       |       |       |    70 |   225 |   181 |   120 |       ||   596
Invok: Heroism           |       |       |       |     1 |    10 |    14 |     5 |    10 ||    40
       Finesse           |       |       |       |       |     6 |     8 |     2 |     3 ||    19
 Abil: Evoke Flight      |       |       |       |       |       |     7 |     2 |     4 ||    13
       Evoke Invisibilit |       |       |       |       |       |     3 |       |       ||     3
Evoke: Wand              |       |       |     7 |     3 |     9 |    13 |    10 |    12 ||    54
       Rod               |       |       |     2 |       |       |       |     3 |       ||     5
       Phial of floods   |       |       |       |       |       |     1 |     1 |     2 ||     4
       Stone of tremors  |       |       |       |       |       |     1 |       |       ||     1
       Lamp of fire      |       |       |       |       |       |       |       |     1 ||     1
       Sack of spiders   |       |       |       |       |       |       |       |     1 ||     1
  Use: Scroll            |       |     5 |    18 |     7 |    17 |    11 |    17 |    10 ||    85
       Potion            |       |     2 |     3 |     2 |     5 |     5 |    11 |     5 ||    33
 Stab: Confused          |       |       |     2 |       |       |       |       |     1 ||     3
       Paralysed         |       |       |       |     2 |       |     2 |       |       ||     4
       Held in net/web   |       |       |       |       |       |     2 |     1 |     1 ||     4
       Invisible         |       |       |       |       |       |    31 |       |       ||    31
       Distracted        |       |       |       |       |       |       |     2 |    18 ||    20
       Sleeping          |       |       |       |       |       |       |       |     1 ||     1
  Eat: Chunk             |     1 |     5 |    17 |    17 |    43 |    55 |    50 |    77 ||   265
       Fruit             |       |       |       |     7 |     5 |       |     4 |       ||    16
       Pizza             |       |       |       |       |     1 |     2 |       |     1 ||     4
       Bread ration      |       |       |       |       |       |     1 |     2 |     1 ||     4
       Beef jerky        |       |       |       |       |       |     1 |     2 |     2 ||     5
